 Dungeon Crawl Stone Soup version 0.32-a0-450-g080537f31e (webtiles) character file.

Game seed: 11114775415839993249

564 ezpacito the Chopper (level 7, 0/53 HPs)
             Began as a Demonspawn Chaos Knight on Feb 23, 2024.
             Was a Plaything of Xom.
             Slain by a gnoll sergeant
             ... wielding a +0 spear
              (3 damage)
             ... on level 3 of the Dungeon on Feb 24, 2024.
             The game lasted 00:06:28 (2731 turns).

ezpacito the Chopper (Demonspawn Chaos Knight)      Turns: 2731, Time: 00:06:28

Health: 0/53       AC:  8    Str: 14      XL:     7   Next: 10%
Magic:  9/9        EV: 11    Int: 13      God:    Xom [......]
Gold:   113        SH:  0    Dex:  9 (12) Spells: 6/9 levels left

rFire   + . .        a - +0 hand axe (chaos)
rCold   . . .        (no shield)
rNeg    . . .        b - +2 leather armour
rPois   .            (no helmet)
rElec   .            (no cloak)
rCorr   .            (no gloves)
SInv    .            (no boots)
Will    .....        (no amulet)
Stlth   +            l - ring of protection from fire
HPRegen 0.28/turn    (no ring)
MPRegen 0.11/turn

%: no passive effects
@: wreathed by umbra, invisible (expiring)
A: molten scales 2, demonic magic 1, demonic touch 1, foul shadow 2
a: Renounce Religion


You were on level 3 of the Dungeon.
You worshipped Xom.
You were a very special plaything of Xom.
You visited 1 branch of the dungeon, and saw 3 of its levels.

You collected 113 gold pieces.

Inventory:

Hand Weapons
 a - a +0 hand axe of chaos (weapon)
Missiles
 j - 5 javelins (quivered)
 q - 2 poisoned darts
Armour
 b - a +2 leather armour (worn)
 p - a +0 plate armour
Jewellery
 l - a ring of protection from fire (left hand)
Talismans
 e - a flux talisman
Scrolls
 g - 2 scrolls of teleportation
 i - a scroll of identify


   Skills:
 + Level 3.7 Fighting
 * Level 3.8 Axes
 + Level 1.0 Throwing
 * Level 3.2 Armour
 * Level 2.7 Dodging
 + Level 1.7 Stealth
 * Level 2.4 Unarmed Combat
 + Level 1.5 Spellcasting
 + Level 1.0 Conjurations
 + Level 0.9 Alchemy


You had 6 spell levels left.
You knew the following spells:

 Your Spells              Type           Power      Damage    Failure   Level
a - Sting                 Conj/Alch      12%        1d3       22%         1
b - Mercury Vapours       Alch/Air       4%         N/A       38%         2

Your spell library contained the following spells:

 Spells                   Type           Power      Damage    Failure   Level
 Olgreb's Toxic Radiance  Alch           3%         N/A       91%         4


Dungeon Overview and Level Annotations

Branches:
Dungeon (3/15)

Altars:
Kikubaaqudgha
Okawaru
Uskayaw
Xom

Shops:
D:2 :


Innate Abilities, Weirdness & Mutations

You are mostly covered in molten scales. (AC +3)
Spells you cast may paralyse adjacent enemies.
Your touch may inflict minor irresistible damage on your foes.
You are shadowed, sometimes releasing foul flame when damaged in melee.


Message History

The gnoll is severely wounded.
You hit the gnoll.
You feel better.
You hit the gnoll sergeant but do no damage.
The gnoll sergeant closely misses you. The gnoll hits you but does no damage.
The gnoll barely misses you. The gnoll sergeant closely misses you.
Unknown command.
You barely miss the gnoll sergeant. Your touch misses the gnoll sergeant.
The gnoll sergeant is lightly wounded.
You strike the helpless gnoll from behind!
You hit the gnoll but do no damage. You drain the gnoll. You hit the gnoll.
You kill the gnoll!
The gnoll sergeant hits you with a +0 spear.
Your Conjurations skill increases to level 1!
You catch the helpless gnoll completely off-guard!
You hit the gnoll.
The gnoll convulses.
You kill the gnoll!
You hit the gnoll sergeant.
The gnoll sergeant is poisoned.
You flicker for a moment.
The gnoll sergeant hits you with a +0 spear!
The gnoll sergeant misses you.
You catch the helpless gnoll sergeant completely off-guard!
You hit the gnoll sergeant. Your touch misses the gnoll sergeant.
The gnoll sergeant is moderately wounded.
The gnoll sergeant closely misses you.
The gnoll sergeant hits you but does no damage.
You hit the gnoll sergeant but do no damage.
The gnoll sergeant is moderately wounded.
The gnoll sergeant hits you with a +0 spear.
You strike the helpless gnoll sergeant from behind!
You hit the gnoll sergeant. Your touch misses the gnoll sergeant.
The gnoll sergeant is heavily wounded.
The gnoll sergeant hits you with a +0 spear.
* * * LOW HITPOINT WARNING * * *
The gnoll sergeant hits you with a +0 spear!
* * * LOW HITPOINT WARNING * * *
You hit the gnoll sergeant but do no damage.
The gnoll sergeant seems to grow stronger.
The gnoll sergeant is heavily wounded.
The gnoll sergeant hits you with a +0 spear.
You die...

######.#########...###.##########
######.####### #...# #.........#
######.#########...###.........#
######.##ß.?.ß#ß...ß##.........#
######.##!....#)....##.........#
######.##..[..))._..##.........#
######.##!....#.....##.........#
######.##ß.?.ß#ß)).ß##.........#
######.#########@g.###.........#
#.# #...# #.........# #.####
#...###.........# #.##.#
#...#...........# #.##.#
##_.............# #.##.#
################ #.##.# #.##.#
#.##.#


You could see a gnoll sergeant (fast, strong, unable to see you, poisoned).

Vanquished Creatures
  A black bear (D:3)
  An ogre (D:3)
  An ice beast (D:3)
  A phantom (D:2)
  A bombardier beetle (D:3)
  7 gnolls
  7 adders
  A ribbon worm (D:2)
  2 dart slugs
  6 bats
  4 endoplasms
  2 giant cockroaches
  3 goblins
  3 hobgoblins
  4 quokkas
  3 ball pythons
  3 frilled lizards
  5 kobolds
  5 rats
60 creatures vanquished.

Notes
Turn   | Place    | Note
-------+----------+-------------------------------------------
     0 | D:1      | ezpacito the Demonspawn Chaos Knight began the quest for
                  | the Orb.
     0 | D:1      | Reached XP level 1. HP: 18/18 MP: 1/1
    17 | D:1      | XOM: potion effect (attraction)
    54 | D:1      | Reached skill level 1 in Dodging
    64 | D:1      | Gained mutation: You are partially covered in molten
                  | scales. (AC +2) [demonic ancestry]
    64 | D:1      | Reached XP level 2. HP: 8/24 MP: 2/2
   505 | D:1      | Gained mutation: You are mostly covered in molten scales.
                  | (AC +3) [demonic ancestry]
   505 | D:1      | Reached XP level 3. HP: 29/29 MP: 3/3
   864 | D:2      | XOM: silly message
   865 | D:2      | Noticed a phantom
   882 | D:2      | Reached skill level 1 in Unarmed Combat
   884 | D:2      | XOM: divination: magic mapping
   890 | D:2      | Killed a phantom
   891 | D:2      | Reached skill level 1 in Spellcasting
   891 | D:2      | Gained mutation: You are faintly shadowed, very rarely
                  | releasing foul flame when damaged in melee. [demonic
                  | ancestry]
   891 | D:2      | Reached XP level 4. HP: 9/35 MP: 3/5
  1057 | D:2      | Reached skill level 1 in Stealth
  1102 | D:2      | XOM: potion effect (attraction)
  1117 | D:2      | Gained mutation: Spells you cast may paralyse adjacent
                  | enemies. [demonic ancestry]
  1117 | D:2      | Reached XP level 5. HP: 30/41 MP: 6/6
  1324 | D:2      | XOM: silly message
  1337 | D:2      | XOM: silly message
  1368 | D:2      | XOM: silly message
  1424 | D:2      | Found Gekuiklo's Book Shoppe.
  1476 | D:3      | Found a hide-covered altar of Uskayaw.
  1622 | D:3      | XOM: divination: magic mapping
  1690 | D:3      | Learned a level 1 spell: Sting
  1693 | D:3      | Learned a level 2 spell: Mercury Vapours
  1720 | D:3      | Noticed a black bear
  1734 | D:3      | Killed a black bear
  1735 | D:3      | Gained mutation: Your touch may inflict minor irresistible
                  | damage on your foes. [demonic ancestry]
  1735 | D:3      | Reached XP level 6. HP: 34/47 MP: 7/7
  1864 | D:3      | Found an ancient bone altar of Kikubaaqudgha.
  2108 | D:3      | Found a faded altar of an unknown god.
  2156 | D:3      | Found an iron altar of Okawaru.
  2157 | D:3      | Found a runed translucent door.
  2191 | D:3      | Found the +0 toga "Victory" {*Victory Clar}
  2244 | D:3      | Noticed an ice beast
  2252 | D:3      | Killed an ice beast
  2270 | D:3      | XOM: summons 4 hostile demons
  2271 | D:3      | Noticed a chaos spawn
  2305 | D:3      | XOM: summons 4 hostile demons
  2702 | D:3      | Reached skill level 1 in Throwing
  2702 | D:3      | Gained mutation: You are shadowed, sometimes releasing foul
                  | flame when damaged in melee. [demonic ancestry]
  2702 | D:3      | Reached XP level 7. HP: 53/53 MP: 9/9
  2707 | D:3      | XOM: scenery: create altars
  2727 | D:3      | Reached skill level 1 in Conjurations
  2731 | D:3      | Slain by a gnoll sergeant

Illustrated notes

Levels and vault maps discovered:
D:1:      dpeg_arrival_round_b, layout_loops_ring
D:2:      layout_basic, serial_shops, nicolae_shop_stone, minmay_bisected
D:3:      layout_basic, mainiacjoe_overflow_alcove_4,
          nicolae_overflow_guarded_unrand_okawaru_victory,
          overflow_temple_1_default, ebering_ecumenical_altar_webs

Skill      XL: |  1  2  3  4  5  6  7 |
---------------+----------------------+-----
Dodging        | 1 2 |  2.7
Armour         | 2 3 |  3.2
Axes           | 3 |  3.8
Unarmed Combat | 1 2 |  2.4
Spellcasting   | 1 |  1.5
Stealth        | 1 |  1.7
Throwing       | 1 |  1.0
Conjurations   | 1 |  1.0
Fighting       | |  3.7
Alchemy        | |  0.9

Action                     |  1- 3 |  4- 6 |  7- 9 || total
---------------------------+-------+-------+-------++-------
  Melee: Hand axe          |    89 |   148 |    22 ||   259
         Touch             |       |     9 |     1 ||    10
    Use: Potion            |     1 |     2 |     1 ||     4
         Scroll            |       |     9 |       ||     9
   Stab: Paralysed         |     1 |       |       ||     1
         Sleeping          |     1 |     2 |       ||     3
         Petrified         |       |     2 |       ||     2
         Invisible         |       |     2 |     6 ||     8
 Armour: Leather armour    |    58 |   120 |    24 ||   202
         Skin              |    28 |       |       ||    28
  Dodge: Dodged            |    62 |   159 |    28 ||   249

Table legend: (Time is in decaauts)
 A = Elapsed time spent in this place.
 B = Non-inter-level travel time spent in this place.
 C = Inter-level travel time spent in this place.
 D = Time resting spent in this place.
 E = Time spent auto-exploring this place.
 F = Levels seen in this place.
 G = Mean time per level.
                   A        B        C        D        E       F      G
               +--------+--------+--------+--------+--------+-----+--------+
         Total |   2767 |   2670 |     97 |    184 |   1952 |   3 |  922.3 |
       Dungeon |   2767 |   2670 |     97 |    184 |   1952 |   3 |  922.3 |
               +--------+--------+--------+--------+--------+-----+--------+

Top non-repeatable levels by time:
     D:3: 1269 daAuts
     D:1: 875 daAuts
     D:2: 623 daAuts
